 Dungeon Crawl Stone Soup version 0.31.0-9-g3a7656b989 (webtiles) character file.

Game seed: 13527024769487175727

1950 qw the Skirmisher (level 8, -3/40 HPs)
             Began as a Spriggan Hunter on Feb 2, 2024.
             Slain by a wight
             ... wielding a +0 halberd
              (7 damage)
             ... on level 7 of the Dungeon.
             The game lasted 00:00:26 (4865 turns).

qw the Skirmisher (Spriggan Hunter)                 Turns: 4865, Time: 00:00:27

Health: -3/40      AC:  2    Str:  7    XL:     8   Next: 99%
Magic:  9/9        EV: 24    Int: 11    God:
Gold:   265        SH:  0    Dex: 20    Spells: 7/7 levels left

rFire   . . .        l - +0 orcbow
rCold   . . .        (shield currently unavailable)
rNeg    . . .        c - +0 robe
rPois   .            (helmet restricted)
rElec   .            (no cloak)
rCorr   .            (gloves unavailable)
SInv    +            (boots unavailable)
Will    +....        (no amulet)
Stlth   ++           e - +4 ring of slaying {mikee}
HPRegen 0.26/turn    (no ring)
MPRegen 0.11/turn

%: no passive effects
@: about to teleport, very quick
A: very small, no large weapons, unfitting armour, see invisible, speed 3
a: no special abilities


You were on level 7 of the Dungeon.
You visited 2 branches of the dungeon, and saw 8 of its levels.

You collected 265 gold pieces.


Innate Abilities, Weirdness & Mutations

You are very small and have problems with some larger weapons.
You are too small for most types of armour.
You have supernaturally acute eyesight. (SInv)
You cover ground extremely quickly. (Speed+++)


   Skills:
 - Level 3.0 Fighting
 - Level 10.0 Ranged Weapons
 + Level 9.2 Dodging
 - Level 1.5 Stealth


You had 7 spell levels left.
You didn't know any spells.
Your spell library was empty.

Inventory:

Hand Weapons
 l - a +0 orcbow (weapon)
Armour
 c - a +0 robe (worn)
Jewellery
 e - a +4 ring of slaying (left hand) {mikee}
Potions
 a - a potion of lignification {unknown}
 b - a potion of resistance
 d - a potion of cancellation {unknown}
 g - 2 potions of curing
 h - a potion of enlightenment
 m - a potion of might

Dungeon Overview and Level Annotations

Branches:
Dungeon (7/15)             Temple (1/1) D:4

Altars:
Ashenzari
Dithmenos
Elyvilon
Fedhas
Nemelex Xobeh
Ru
Trog
Vehumet
Wu Jian
Xom
Zin
The Shining One

Shops:
D:1 *   D:5 :   D:6 (


Message History

Joseph is severely wounded.
You shoot an arrow. The arrow barely misses the wight.
The arrow hits Joseph.
Joseph is severely wounded.
A wight comes into view. It is wielding a +3 battleaxe.
You shoot an arrow.
The arrow hits the wight but does no damage.
You shoot an arrow. The arrow hits the wight.
The wight is moderately damaged.
You shoot an arrow. The arrow hits the wight.
The wight is heavily damaged.
The wight completely misses you.
You shoot an arrow. The arrow hits the wight.
The wight is severely damaged.
The wight barely misses you. The wight misses you.
You shoot an arrow. The arrow hits the wight!
You destroy the wight!
Joseph shouts, "At last, some action!"
Joseph shoots a sling bullet.
The sling bullet barely misses you.
You shoot an arrow. The arrow hits Joseph!
Joseph is almost dead.
Joseph shoots a sling bullet.
The sling bullet hits you!!
Ouch! That really hurt!
You shoot an arrow. The arrow hits Joseph.
Joseph is almost dead.
You shoot an arrow. The arrow hits Joseph.
You kill Joseph!
The wight hits you from afar with a +0 halberd!
Your Ranged Weapons skill increases to level 10!
4863 ||| READING scroll of teleportation.
As you read the scroll of teleportation, it crumbles to dust.
You feel strangely unstable. The wight barely misses you.
You shoot an arrow. The arrow hits the wight!
The wight is heavily damaged.
The wight completely misses you.
You shoot an arrow.
The arrow hits the wight but does no damage.
The wight is heavily damaged.
The wight hits you from afar with a +0 halberd!
You die...

.. ... #.. ... #..
... #.. .. #)# .#
+# #z# ###.. #z#
............ #)#
..#........# #@#
..#........# #.#
..#........#####.#
..............##.#
#####.........##.#
.o###)........##.#
......).......##.#
......####.......#
......# #.#######


You could see 2 wights.

Vanquished Creatures
  Joseph (D:7)
  A fire bat (D:6)
  A water moccasin (D:6)
  A sky beast (D:7)
  3 ogres
  3 bullfrogs
  A scorpion (D:4)
  A gnoll sergeant (D:3)
  5 wights (D:7)
  A bombardier beetle (D:5)
  A jelly (D:5)
  4 hounds
  An orc priest (D:6)
  An orc wizard (D:6)
  An iguana (D:6)
  5 adders
  7 gnolls
  A white imp (D:7)
  3 dart slugs
  2 ribbon worms (D:2)
  19 orcs
  9 bats
  7 endoplasms
  A giant cockroach (D:1)
  5 goblins
  8 hobgoblins
  5 jackals
  5 kobolds
  8 quokkas
  8 ball pythons
  3 frilled lizards (D:1)
  5 rats
127 creatures vanquished.

Vanquished Creatures (others)
  An orc zombie (D:5)
1 creature vanquished.

Grand Total: 128 creatures vanquished

Notes
Turn   | Place    | Note
-------+----------+-------------------------------------------
     0 | D:1      | qw the Spriggan Hunter began the quest for the Orb.
     0 | D:1      | Reached XP level 1. HP: 10/10 MP: 2/2
     0 | D:1      | 0 ||| qw: Version: 0.3-a-155-g5e7d8dd
     0 | D:1      | 0 ||| qw: Game counter: 942
     0 | D:1      | 0 ||| qw: Melee chars always use a shield: true
     0 | D:1      | 0 ||| qw: God list: Okawaru
     0 | D:1      | 0 ||| qw: Allow faded altars: false
     0 | D:1      | 0 ||| qw: Do Orc after clearing Dungeon:15 true
     0 | D:1      | 0 ||| qw: Do second Lair branch before Depths: true
     0 | D:1      | 0 ||| qw: Lair rune preference: random
     0 | D:1      | 0 ||| qw: Goals: Normal
     0 | D:1      | 0 ||| PLANNING D:1-11
    32 | D:1      | Reached skill level 3 in Dodging
    51 | D:1      | Found Jixavag's General Store.
    58 | D:1      | 58 ||| SHOPLISTING scroll of brand weapon (95 gold, have
                  | 0).
   105 | D:1      | Reached XP level 2. HP: 14/14 MP: 3/3
   617 | D:1      | 617 ||| UPGRADING to +4 ring of slaying {mikee}.
   618 | D:1      | 618 ||| READING 3 scrolls labelled RIECEOR JETO.
   618 | D:1      | 618 ||| IDENTIFYING scroll labelled EVO RISKOTI
   619 | D:1      | 619 ||| READING scroll of brand weapon.
   619 | D:1      | 619 ||| BRANDING +0 shortbow.
   620 | D:1      | 620 ||| DROPPING scroll of butterflies.
   679 | D:2      | Reached XP level 3. HP: 18/18 MP: 4/4
   957 | D:2      | Noticed an ogre
   959 | D:2      | Reached skill level 5 in Ranged Weapons
   963 | D:2      | Killed an ogre
   964 | D:2      | Reached XP level 4. HP: 22/22 MP: 5/5
   964 | D:2      | Reached XP level 5. HP: 25/25 MP: 6/6
   988 | D:2      | Found a radiant altar of Vehumet.
  1175 | D:2      | 1175 ||| DROPPING ring of wizardry.
  1176 | D:2      | 1176 ||| READING 3 scrolls of identify.
  1176 | D:2      | 1176 ||| IDENTIFYING brown potion
  1177 | D:2      | 1177 ||| READING 2 scrolls of identify.
  1177 | D:2      | 1177 ||| IDENTIFYING cyan potion
  1178 | D:2      | 1178 ||| DROPPING potion of degeneration.
  1527 | D:3      | Noticed an ogre
  1532 | D:3      | Killed an ogre
  1738 | D:3      | Found an ornate altar of the Wu Jian Council.
  1888 | D:3      | Reached XP level 6. HP: 27/32 MP: 7/7
  1888 | D:3      | 1888 ||| FLEEEEING.
  1889 | D:3      | 1889 ||| FLEEEEING.
  1890 | D:3      | 1890 ||| FLEEEEING.
  1891 | D:3      | 1891 ||| FLEEEEING.
  1916 | D:3      | Found the +5 woodcutter's axe
  1919 | D:3      | Identified the +7 hand axe "Hell-Harrower" {antimagic,
                  | Str+3}
  1924 | D:3      | 1924 ||| READING 2 scrolls of identify.
  1924 | D:3      | 1924 ||| IDENTIFYING murky cyan potion
  2063 | D:3      | 2063 ||| READING scroll of identify.
  2063 | D:3      | 2063 ||| IDENTIFYING smoky inky potion
  2064 | D:3      | 2064 ||| READING scroll labelled NIK UDABYAHIKA.
  2065 | D:3      | 2065 ||| READING scroll labelled RIOGUD YGIUNN.
  2065 | D:3      | 2065 ||| ENCHANTING +0 shortbow of chaos.
  2066 | D:3      | 2066 ||| READING scroll labelled DUMNEGYT WUQOA.
  2067 | D:3      | 2067 ||| READING scroll labelled EVYJAO HANUH.
  2071 | D:3      | 2071 ||| DROPPING potion of brilliance.
  2170 | D:4      | Found a staircase to the Ecumenical Temple.
  2171 | D:4      | 2171 ||| PLANNING TEMPLE
  2179 | Temple   | Entered the Ecumenical Temple
  2180 | Temple   | 2180 ||| PLANNING D:1-11
  2307 | D:4      | Reached skill level 6 in Ranged Weapons
  2334 | D:4      | Reached skill level 6 in Dodging
  2630 | D:4      | Reached XP level 7. HP: 35/35 MP: 8/8
  2763 | D:4      | 2763 ||| READING 2 scrolls of identify.
  2763 | D:4      | 2763 ||| IDENTIFYING dark potion
  2764 | D:4      | 2764 ||| READING scroll of identify.
  2764 | D:4      | 2764 ||| IDENTIFYING bubbling inky potion
  2765 | D:4      | 2765 ||| READING scroll labelled PESUKI FYSON.
  2766 | D:4      | 2766 ||| DROPPING potion of magic.
  2790 | D:5      | Entered Level 5 of the Dungeon
  3001 | D:5      | Found Ipotuusch's Book Boutique.
  3053 | D:5      | Reached skill level 7 in Ranged Weapons
  3176 | D:5      | 3176 ||| READING 2 scrolls of identify.
  3176 | D:5      | 3176 ||| IDENTIFYING viscous grey potion
  3359 | D:6      | Found Ofealioq's Weapon Shoppe.
  3367 | D:6      | 3367 ||| SHOPLISTING +4 sling of freezing (271 gold, have
                  | 234).
  3874 | D:6      | a centaur changed into a fire bat
  3874 | D:6      | Noticed a fire bat
  3878 | D:6      | Killed a fire bat
  3879 | D:6      | Reached skill level 8 in Ranged Weapons
  3879 | D:6      | Reached XP level 8. HP: 39/39 MP: 9/9
  3912 | D:6      | 3912 ||| SWAPPING to +0 orcbow.
  3915 | D:6      | Reached skill level 3 in Fighting
  3915 | D:6      | 3915 ||| DROPPING +0 shortbow of chaos.
  3948 | D:6      | 3948 ||| READING 3 scrolls of identify.
  3948 | D:6      | 3948 ||| IDENTIFYING scroll labelled LUTEWK JAZ SUDA
  3949 | D:6      | 3949 ||| READING 2 scrolls of identify.
  3949 | D:6      | 3949 ||| IDENTIFYING scroll labelled UWIESEU ZE KYU
  3950 | D:6      | 3950 ||| READING scroll of identify.
  3950 | D:6      | 3950 ||| IDENTIFYING scroll labelled WAMEOT XIUQ
  3951 | D:6      | 3951 ||| DROPPING scroll of fog.
  3952 | D:6      | 3952 ||| DROPPING scroll of silence.
  3953 | D:6      | 3953 ||| DROPPING scroll of noise.
  3989 | D:7      | 3989 ||| STAIRDANCE
  4005 | D:7      | 4005 ||| STAIRDANCE
  4092 | D:7      | 4092 ||| STAIRDANCE
  4102 | D:6      | HP: 7/40 [orc/+0 falchion (5)]
  4103 | D:6      | 4103 ||| READING 2 scrolls of teleportation.
  4276 | D:7      | 4276 ||| STAIRDANCE
  4282 | D:7      | 4282 ||| STAIRDANCE
  4320 | D:7      | 4320 ||| STAIRDANCE
  4480 | D:7      | 4480 ||| FLEEEEING.
  4481 | D:7      | 4481 ||| FLEEEEING.
  4482 | D:7      | 4482 ||| FLEEEEING.
  4483 | D:7      | 4483 ||| FLEEEEING.
  4485 | D:7      | 4485 ||| FLEEEEING.
  4487 | D:7      | 4487 ||| FLEEEEING.
  4488 | D:7      | 4488 ||| FLEEEEING.
  4489 | D:7      | 4489 ||| FLEEEEING.
  4490 | D:7      | 4490 ||| FLEEEEING.
  4491 | D:7      | 4491 ||| FLEEEEING.
  4492 | D:7      | 4492 ||| FLEEEEING.
  4493 | D:7      | 4493 ||| FLEEEEING.
  4494 | D:7      | 4494 ||| FLEEEEING.
  4495 | D:7      | 4495 ||| FLEEEEING.
  4496 | D:7      | 4496 ||| FLEEEEING.
  4503 | D:7      | 4503 ||| STAIRDANCE
  4719 | D:7      | 4719 ||| RETREEEEATING.
  4721 | D:7      | 4721 ||| RETREEEEATING.
  4723 | D:7      | 4723 ||| RETREEEEATING.
  4725 | D:7      | 4725 ||| RETREEEEATING.
  4729 | D:7      | 4729 ||| RETREEEEATING.
  4790 | D:7      | Reached skill level 9 in Ranged Weapons
  4847 | D:7      | Noticed Joseph
  4853 | D:7      | Reached skill level 9 in Dodging
  4862 | D:7      | Killed Joseph
  4862 | D:7      | HP: 3/40 [wight/+0 halberd (13)]
  4863 | D:7      | Reached skill level 10 in Ranged Weapons
  4863 | D:7      | 4863 ||| READING scroll of teleportation.
  4865 | D:7      | Slain by a wight

Levels and vault maps discovered:
D:1:      onia_arrival_handbag, layout_basic, serial_shops, nicolae_shop_stone,
          minmay_tetromino_s4
D:2:      cheibrodos_old_hovel, layout_loops_ring, basic_altar
D:3:      minmay_bubble_buster, layout_basic, nicolae_wu_jian_wuxing_cycle,
          grunt_ministairs_14, minmay_misc_feat_roman,
          pf_guarded_unrand_woodcutter
D:4:      layout_cave_pods, minmay_temple_entry_tees
D:5:      layout_rooms, serial_shops, shop
D:6:      layout_basic, serial_shops, shop, minmay_misc_feat_more_columns,
          grunt_ministairs_8, serial_library_hellmonk_room_c
D:7:      layout_basic, uniq_joseph
Temple:   minmay_freezing_vapour_temple

Skill      XL: |  1  2  3  4  5  6  7  8 |
---------------+-------------------------+-----
Dodging        | 3 4 5 6 7 9 |  9.2
Ranged Weapons | 5 6 8 10 | 10.0
Fighting       | 2 3 |  3.0
Stealth        | |  1.5

Action                     |  1- 3 |  4- 6 |  7- 9 || total
---------------------------+-------+-------+-------++-------
   Fire: Shortbow          |   104 |    80 |    66 ||   250
         Orcbow            |       |       |    83 ||    83
    Use: Scroll            |     2 |     8 |     9 ||    19
 Armour: Robe              |    10 |     8 |    35 ||    53
  Dodge: Dodged            |    31 |    13 |   113 ||   157

Table legend:
 A = Non-vault XP
 B = Vault XP
 C = Vault XP percentage of total XP
 D = Non-vault monster count
 E = Vault monster count
 F = Vault count percentage of total count
                 A         B        C        D         E       F
            +---------+---------+-------+---------+---------+-------
      Total |    1940 |     847 |  30.4 |     103 |      24 |  18.9
            +---------+---------+-------+---------+---------+-------
        D:1 |      26 |       9 |  25.7 |      17 |       6 |  26.1
        D:2 |     170 |       2 |   1.2 |      19 |       1 |   5.0
        D:3 |      17 |     263 |  93.9 |      10 |      14 |  58.3
        D:4 |     275 |       0 |   0.0 |      14 |       0 |   0.0
        D:5 |     168 |       0 |   0.0 |      12 |       0 |   0.0
        D:6 |     692 |     128 |  15.6 |      20 |       2 |   9.1
        D:7 |     592 |     445 |  42.9 |      11 |       1 |   8.3
            +---------+---------+-------+---------+---------+-------
